 Dungeon Crawl Stone Soup version 0.25.0-9-g26727b657a (webtiles) character file.

Game seed: 17613172596631215884

107447 HoaS the Warrior (level 16, -2/118 HPs)
             Began as a Gargoyle Gladiator on June 18, 2020.
             Was the Champion of Makhleb.
             Slain by Kirke (6 damage)
             ... on level 15 of the Dungeon.
             The game lasted 01:16:05 (22989 turns).

HoaS the Warrior (Gargoyle Gladiator)              Turns: 22989, Time: 01:16:06

Health: -2/118     AC:  0    Str: 27    XL:     16   Next: 46%
Magic:  19/19      EV: 21    Int: 10    God:    Makhleb [******]
Gold:   1917       SH:  5    Dex: 13    Spells: 15/15 levels left

rFire    . . .     SeeInvis .   (weapon currently unavailable)
rCold    . . .     Gourm    .   (shield currently unavailable)
rNeg     + . .     Faith    .   (armour currently unavailable)
rPois    ∞         Spirit   .   (helmet currently unavailable)
rElec    .         Reflect  +   (cloak currently unavailable)
rCorr    .         Harm     .   (gloves currently unavailable)
MR       +....                  (boots currently unavailable)
Stlth    +.........             I - amulet of Wuliphyh {Reflect Str+3 Dex+2 SH+5}
HPRegen  0.29/turn              (ring currently unavailable)
MPRegen  0.16/turn              (ring currently unavailable)

@: pig-form, flying, slowed
A: small, negative energy resistance 1, petrification resistance, rot immunity,
AC +12
a: Minor Destruction, Lesser Servant of Makhleb, Major Destruction, Greater
Servant of Makhleb, Renounce Religion


You were on level 15 of the Dungeon.
You worshipped Makhleb.
Makhleb was exalted by your worship.
You were not hungry.
You were a filthy swine.
You visited 3 branches of the dungeon, and saw 22 of its levels.

You collected 1917 gold pieces.

Inventory:

Hand Weapons
 H - a +4 quarterstaff
 M - the +7 lajatang "Heutiot" (melded) {drain, Int+6}
   (You acquired it on level 12 of the Dungeon)

   A truly terrible weapon, it drains the life of those it strikes.
   It affects your intelligence (+6).
Missiles
 d - 4 throwing nets (quivered)
Armour
 g - a +0 pair of boots (melded)
 h - a +1 helmet (melded)
 o - a +0 buckler
 r - a +1 cloak (melded)
 y - a cursed +0 plate armour (melded)
Magical Staves
 P - an uncursed staff of poison
Jewellery
 c - a +4 ring of evasion (melded)
 k - a +6 ring of strength
 q - a ring of resist corrosion (melded)
 F - the ring of Xaqu {rN+ Stlth-}
   (You found it on level 4 of the Lair of Beasts)

   [ring of attention]

   It protects you from negative energy.
   It makes you less stealthy.
 I - the amulet of Wuliphyh (around neck) {Reflect Str+3 Dex+2 SH+5}
   (You found it on level 6 of the Lair of Beasts)

   [amulet of reflection]

   It shields you and reflects attacks.
   It affects your strength (+3).
   It affects your dexterity (+2).
   It affects your SH (+5).
 L - an uncursed ring of wizardry
 O - an uncursed ring of positive energy
Wands
 p - a wand of enslavement (17)
 t - a wand of polymorph (36)
 w - a wand of flame (61)
 x - a wand of random effects (25)
 E - a wand of iceblast (26)
 K - a wand of acid (6)
Scrolls
 b - 7 scrolls of fear
 i - 13 scrolls of identify
 l - 15 scrolls of teleportation
 n - 10 scrolls of remove curse
 s - 5 scrolls of magic mapping
 A - 2 scrolls of amnesia
 B - 4 scrolls of blinking
 N - 3 scrolls of holy word
 R - a scroll of enchant armour
Potions
 e - 5 potions of mutation
 j - 3 potions of flight
 m - 4 potions of brilliance
 u - 8 potions of resistance
 v - 4 potions of berserk rage
 z - 2 potions of magic
 C - 3 potions of curing
 D - 2 potions of haste
 G - 2 potions of heal wounds
 J - a potion of stabbing
 Q - a potion of experience {unknown}
Comestibles
 a - 2 chunks of flesh
 f - 42 rations


   Skills:
 * Level 19.6 Fighting
 - Level 14.0 Staves
 - Level 1.7 Throwing
 + Level 12.2 Armour
 + Level 10.0 Dodging
 - Level 5.0 Evocations


You had 15 spell levels left.
You didn't know any spells.
Your spell library contained the following spells:

 Spells                   Type           Power        Failure   Level  Hunger
 Animate Skeleton         Necr           N/A          36%         1    ##.....
 Corona                   Hex            #......      36%         1    ##.....
 Pain                     Necr           #...         36%         1    ##.....
 Poisonous Vapours        Pois/Air       #.....       50%         2    ###....
 Slow                     Hex            #.......     50%         2    ###....
 Conjure Flame            Conj/Fire      #.......     75%         3    ####...
 Ignite Poison            Fire/Tmut/Pois #.......     75%         3    ####...
 Inner Flame              Hex/Fire       #.......     75%         3    ####...
 Mephitic Cloud           Conj/Pois/Air  #.......     75%         3    ####...
 Portal Projectile        Hex/Tloc       #.....       75%         3    ####...
 Vampiric Draining        Necr           #.........   75%         3    ####...
 Animate Dead             Necr           N/A          98%         4    #####..
 Cause Fear               Hex            #.........   98%         4    #####..
 Leda's Liquefaction      Hex/Erth       #.........   98%         4    #####..
 Summon Lightning Spire   Summ/Air       #.......     98%         4    #####..
 Agony                    Necr           #.......     100%        5    ######.
 Fireball                 Conj/Fire      #.........   100%        5    ######.
 Silence                  Hex/Air        #.........   100%        5    ######.
 Conjure Ball Lightning   Conj/Air       #.........   100%        6    #######
 Freezing Cloud           Conj/Ice/Air   #.........   100%        6    #######
 Starburst                Conj/Fire      #.........   100%        6    #######
 Ring of Flames           Chrm/Fire      #.........   100%        7    #######
 Ignition                 Fire           #.........   100%        8    #######
 Tornado                  Air            #.........   100%        9    #######


Dungeon Overview and Level Annotations

Branches:
Dungeon (15/15)            Temple (1/1) D:7            Lair (6/6) D:10
 Shoals (0/4) Lair:2        Snake (0/4) Lair:3        Slime (0/5) Lair:5
    Orc (0/2) D:10         Vaults (0/5) D:13         Depths (0/5) D:15

Altars:
Ashenzari
Cheibriados
Dithmenos
Elyvilon
Fedhas
Gozag
Hepliaklqana
Kikubaaqudgha
Makhleb
Nemelex Xobeh
Okawaru
Qazlal
Ru
Sif Muna
Trog
Uskayaw
Vehumet
Wu Jian
Xom
Yredelemnul
Zin
The Shining One
Jiyva

Shops:
D:4 =

Annotations:
D:9 exclusion: door
D:12 8 runed translucent doors
D:15 Kirke


Innate Abilities, Weirdness & Mutations

You are resistant to torment.
((Your stone body is resilient. (AC +12)))
You are immune to poison.
((Your large and strong wings let you fly indefinitely.))
You resist negative energy. (rN+)
((You are resistant to electric shocks. (rElec)))
((You can survive without breathing.))
You are immune to petrification.
You are immune to rotting.


Message History

The lindwurm closely misses you. The lindwurm completely misses you.
The lindwurm closely misses you.
Kirke casts a spell.
Kirke flickers and vanishes!
Deactivating autopickup; reactivate with Ctrl-A.
The lindwurm bites you!
* * * LOW HITPOINT WARNING * * *
The lindwurm completely misses you. The lindwurm closely misses you.
You barely miss the lindwurm.
The lindwurm is moderately wounded.
You hear some strange, mumbled words.
You feel a momentary urge to oink. The lindwurm bites you!
* * * LOW HITPOINT WARNING * * *
The lindwurm claws you!
* * * LOW HITPOINT WARNING * * *
The lindwurm misses you.
You bite the lindwurm!
The lindwurm is heavily wounded.
Something hits you.
You die...

#.......P......#
.P...88#.###
..)P8......
#.##.....#
######.##.##..#### ##
#.............#.. .
#. ###.##.##.##.# #
#.###c####.##.##.##.#
#
#..Hhhh{hk..((.#....#
#
#####H####.##.#####.#
# #. #.#### #.#####
hc #.# #...... ###
#.# ####.## #..
........# ###
#########


You could see a manticore (summoned), a lindwurm (summoned), a harpy (summoned),
3 hogs and a centaur.

Vanquished Creatures
  Agnes (D:14)
  Gastronok (Lair:3)
  Harold (D:7)
  7 hydras
  9 centaur warriors
  4 two-headed ogres
  A vampire mage (D:15)
  An ogre mage (D:12)
  7 death yaks (Lair:6)
  Nergalle (Lair:2)
  Sonja (Lair:3)
  4 unseen horrors
  4 skeletal warriors
  The ghost of Jaiteiro the Summoner, a novice MfSu of Ashenzari (D:9)
  2 wizards
  A necromancer (D:15)
  An orc knight (D:10)
  A wolf spider zombie (D:13)
  A manticore (D:14)
  28 ugly things
  6 elephants (Lair:3)
  A frost giant zombie (D:15)
  4 cyclopes
  The ghost of Jaiteiro the Cutter, a novice HaFi (D:5)
  A spectral centaur (D:9)
  7 black mambas
  A frost giant skeleton (D:15)
  4 gargoyles
  23 spiny frogs
  3 komodo dragons
  A kobold demonologist (D:15)
  4 rime drakes
  A freezing wraith (D:15)
  2 efreet
  3 tengu conjurers
  A merfolk (Lair:2)
  3 tyrant leeches (Lair:6)
  4 trolls
  A hornet (D:6)
  2 polar bears
  13 slime creatures
  6 dream sheep (Lair:5)
  29 blink frogs
  An ice dragon zombie (D:15)
  9 hippogriffs
  A meliai zombie (D:12)
  3 shadows
  2 spriggans (Lair:3)
  5 wraiths
  57 yaks
  A water elemental (D:11)
  4 wyverns
  2 basilisks (D:11)
  10 vampire mosquitoes
  3 nagas (Lair:3)
  2 acid dragons
  5 soldier ants (D:6)
  13 water moccasins
  13 porcupines
  6 ice beasts
  An eye of draining (shapeshifter) (D:9)
  2 eyes of draining
  11 sky beasts
  18 orc warriors
  4 black bears
  5 phantoms
  22 wolves
  9 ogres
  A necrophage (D:10)
  33 centaurs
  7 crocodiles
  9 big kobolds
  30 bullfrogs
  A yaktaur zombie (D:15)
  3 gnoll sergeants (D:10)
  5 scorpions
  A water moccasin skeleton (D:5)
  3 wights (D:7)
  22 killer bees
  13 electric eels
  6 howler monkeys
  2 spectral bullfrogs (D:9)
  8 crimson imps
  2 quasits (D:12)
  A bullfrog zombie (D:8)
  7 centaur zombies
  A wyvern simulacrum (D:9)
  11 jellies
  9 orc priests
  10 orc wizards
  Crazy Yiuf (D:7)
  8 hounds
  6 bullfrog skeletons
  A gnoll shaman (D:6)
  Jessica (D:2)
  2 centaur skeletons
  5 iguanas
  13 worker ants
  5 hell rats (Lair:2)
  A killer bee zombie (D:10)
  2 bullfrog simulacra (D:9)
  A hound skeleton (D:4)
  A howler monkey zombie (D:11)
  8 gnolls
  19 adders
  7 river rats (Lair:2)
  A hound simulacrum (D:9)
  2 shadow imps
  9 white imps (D:9)
  A worker ant simulacrum (D:9)
  2 ufetubi (D:9)
  8 oozes
  An adder skeleton (D:7)
  2 adder zombies
  3 worms (D:3)
  A dart slug (D:3)
  9 leopard geckos
  40 orcs
  A ball python (D:6)
  6 giant cockroaches
  10 goblins
  7 hobgoblins
  8 jackals
  7 kobolds
  5 quokkas
  3 bats
  5 frilled lizards
  2 jackal skeletons
  A leopard gecko skeleton (D:8)
  14 rats
  2 plants (D:11)
823 creatures vanquished.

Vanquished Creatures (others)
  17 fungi
  51 plants
68 creatures vanquished.

Grand Total: 891 creatures vanquished

Notes
Turn   | Place    | Note
-------+----------+-------------------------------------------
     0 | D:1      | HoaS the Gargoyle Gladiator began the quest for the Orb.
     0 | D:1      | Reached XP level 1. HP: 12/12 MP: 1/1
   208 | D:1      | Reached XP level 2. HP: 18/18 MP: 2/2
  1106 | D:2      | Reached XP level 3. HP: 22/22 MP: 3/3
  1142 | D:2      | Reached skill level 3 in Fighting
  1161 | D:2      | Noticed Jessica
  1175 | D:2      | Killed Jessica
  1175 | D:2      | Reached XP level 4. HP: 26/28 MP: 4/4
  1202 | D:2      | Found a hazy altar of Hepliaklqana.
  1324 | D:2      | Found an ancient bone altar of Kikubaaqudgha.
  1743 | D:3      | Found a faded altar of an unknown god.
  2110 | D:3      | Reached XP level 5. HP: 32/32 MP: 5/5
  2190 | D:3      | Reached skill level 5 in Staves
  2303 | D:3      | Found a glowing silver altar of Zin.
  2303 | D:3      | Found a sparkling altar of Nemelex Xobeh.
  2527 | D:4      | Reached skill level 4 in Fighting
  2684 | D:4      | Found a shadowy altar of Dithmenos.
  2832 | D:4      | Reached XP level 6. HP: 38/38 MP: 6/6
  3191 | D:4      | Reached XP level 7. HP: 8/44 MP: 7/7
  3762 | D:4      | Found Reong's Jewellery Boutique.
  3801 | D:5      | Entered Level 5 of the Dungeon
  3922 | D:5      | Reached skill level 5 in Fighting
  4160 | D:5      | Reached XP level 8. HP: 46/51 MP: 8/8
  4242 | D:5      | Reached skill level 6 in Fighting
  4376 | D:5      | Found a runed translucent door.
  4376 | D:5      | Noticed Jaiteiro's ghost (novice HaFi)
  4708 | D:6      | Found a runed translucent gate.
  4709 | D:6      | Found a runed translucent gate.
  4710 | D:6      | Found a runed translucent gate.
  4719 | D:6      | Found a runed translucent door.
  4880 | D:6      | Found a shattered altar of Ashenzari.
  4929 | D:6      | Found the +9 staff of Olgreb {rPois∞}
  5168 | D:6      | Found a runed translucent door.
  5270 | D:6      | Noticed a hornet
  5280 | D:6      | Killed a hornet
  5280 | D:6      | Reached skill level 7 in Fighting
  5665 | D:7      | Found a runed translucent door.
  5666 | D:7      | Noticed Crazy Yiuf
  5715 | D:7      | Reached XP level 9. HP: 45/57 MP: 9/9
  5918 | D:7      | Noticed Harold
  5944 | D:7      | HP: 1/57 [Harold/+4 mace of protection (7)]
  5945 | D:7      | Killed Harold
  5945 | D:7      | Reached skill level 8 in Fighting
  5945 | D:7      | Reached skill level 10 in Staves
  6454 | D:7      | Found a staircase to the Ecumenical Temple.
  6534 | Temple   | Entered the Ecumenical Temple
  6700 | Temple   | Became a worshipper of Makhleb the Destroyer
  6970 | D:7      | Killed Crazy Yiuf
  7088 | D:5      | Killed Jaiteiro's ghost
  7264 | D:6      | Reached skill level 9 in Fighting
  7264 | D:6      | Reached XP level 10. HP: 66/66 MP: 10/10
  7787 | D:8      | Reached * piety under Makhleb
  7984 | D:8      | Reached skill level 1 in Evocations
  7997 | D:8      | Reached skill level 10 in Fighting
  8513 | D:9      | Reached ** piety under Makhleb
  8691 | D:9      | Reached XP level 11. HP: 72/73 MP: 12/12
  8917 | D:9      | Reached skill level 11 in Fighting
  9056 | D:9      | Found a runed translucent gate.
  9057 | D:9      | Found a runed translucent gate.
  9057 | D:9      | Found a runed translucent gate.
  9059 | D:9      | Noticed Jaiteiro's ghost (novice MfSu)
  9186 | D:9      | Reached *** piety under Makhleb
  9398 | D:9      | Noticed a centaur warrior
  9411 | D:9      | Killed a centaur warrior
  9441 | D:9      | Noticed a centaur warrior
  9452 | D:9      | Killed a centaur warrior
  9458 | D:9      | Noticed a fire dragon
 10086 | D:10     | Entered Level 10 of the Dungeon
 10489 | D:10     | Found a staircase to the Orcish Mines.
 10549 | D:10     | Reached **** piety under Makhleb
 10584 | D:10     | Reached skill level 12 in Fighting
 10645 | D:9      | HP: 2/114 [troll (7)]
 11001 | D:10     | Noticed a purple ugly thing
 11018 | D:9      | Killed a purple ugly thing
 11210 | D:10     | Found a staircase to the Lair.
 11496 | D:9      | Killed Jaiteiro's ghost
 11496 | D:9      | Reached XP level 12. HP: 82/82 MP: 15/15
 11585 | Lair:1   | Entered Level 1 of the Lair of Beasts
 11754 | D:10     | Reached skill level 5 in Evocations
 11763 | D:10     | Reached skill level 1 in Armour
 11955 | Lair:1   | Reached skill level 13 in Fighting
 11985 | Lair:1   | Reached ***** piety under Makhleb
 12549 | Lair:2   | Noticed Nergalle
 12562 | Lair:2   | Killed Nergalle
 13033 | Lair:2   | Reached skill level 14 in Fighting
 13284 | Lair:2   | Found a staircase to the Shoals.
 13428 | Lair:2   | Got a crude chain mail
 13430 | Lair:2   | Identified the +2 chain mail of the Hall of Blades {rC-
                  | MP+9 Int+7 Stlth+} (You found it on level 2 of the Lair of
                  | Beasts)
 13453 | Lair:3   | Reached skill level 5 in Armour
 13457 | Lair:3   | Found a staircase to the Snake Pit.
 13512 | Lair:3   | Noticed Sonja
 13523 | Lair:3   | Killed Sonja
 13523 | Lair:3   | Reached XP level 13. HP: 90/90 MP: 16/16
 13598 | Lair:3   | Noticed Gastronok
 13654 | Lair:3   | Killed Gastronok
 13654 | Lair:3   | Reached skill level 5 in Dodging
 14287 | Lair:3   | Reached skill level 15 in Fighting
 14427 | Lair:4   | Reached ****** piety under Makhleb
 14955 | Lair:4   | Got a scintillating granite ring
 14957 | Lair:4   | Identified the ring of Xaqu {rN+ Stlth-} (You found it on
                  | level 4 of the Lair of Beasts)
 15511 | Lair:5   | Gained mutation: Your large and strong wings let you fly
                  | indefinitely. [Gargoyle growth]
 15511 | Lair:5   | Reached XP level 14. HP: 99/99 MP: 17/17
 15585 | Lair:5   | Reached skill level 16 in Fighting
 15657 | Lair:5   | Found a runed translucent door.
 15657 | Lair:5   | Found a viscous altar of Jiyva.
 16251 | Lair:5   | Found a staircase to the Slime Pits.
 16293 | Lair:6   | Entered Level 6 of the Lair of Beasts
 16886 | Lair:6   | Reached skill level 17 in Fighting
 17179 | Lair:6   | Got a sparkling silver amulet
 17821 | Lair:6   | Identified the amulet of Wuliphyh {Reflect Str+3 Dex+2
                  | SH+5} (You found it on level 6 of the Lair of Beasts)
 18123 | Lair:6   | Reached skill level 10 in Armour
 18309 | D:11     | Reached XP level 15. HP: 107/107 MP: 18/18
 19757 | D:12     | Reached skill level 18 in Fighting
 19948 | D:12     | Found a large runed translucent door.
 19952 | D:12     | Found a large runed translucent door.
 19952 | D:12     | Found a large runed translucent door.
 19952 | D:12     | Noticed a sphinx
 19953 | D:12     | Found a large runed translucent door.
 19954 | D:12     | Identified the ring "Fuypp" {rPois Stlth-}
 19954 | D:12     | Noticed a frost giant
 19958 | D:12     | Found a large runed translucent door.
 19958 | D:12     | Found a large runed translucent door.
 20064 | D:12     | Identified a scroll of acquirement
 20065 | D:12     | Got the +7 lajatang "Heutiot" {drain, Int+6}
 20193 | D:12     | Found a large runed translucent door.
 20197 | D:12     | Found a large runed translucent door.
 20571 | D:13     | Identified the +3 shortbow "Qellogie" {flame, +Fly rPois
                  | MR- Int+3}
 21131 | D:13     | Found a gate to the Vaults.
 21275 | D:13     | Found a white marble altar of Elyvilon.
 21793 | D:14     | Reached skill level 19 in Fighting
 21839 | D:13     | Reached XP level 16. HP: 116/116 MP: 19/19
 22018 | D:14     | Noticed Agnes
 22027 | D:14     | Killed Agnes
 22197 | D:14     | Found a stormy altar of Qazlal.
 22408 | D:15     | Entered Level 15 of the Dungeon
 22661 | D:15     | Found a glowing golden altar of the Shining One.
 22723 | D:15     | Found a staircase to the Depths.
 22842 | D:15     | Reached skill level 10 in Dodging
 22950 | D:15     | Noticed Kirke
 22988 | D:15     | HP: 4/118 [lindwurm[Kirke] (8)]
 22989 | D:15     | Slain by Kirke

Illustrated notes

Levels and vault maps discovered:
D:1:      nicolae_arrival_memento_mori, layout_basic, minmay_misc_feat_five,
          hex_intersection
D:2:      lemuel_upstairs_altar, layout_basic, marbit_many_paths,
          lemuel_doored_altar, chequers_serial_rivers_micro_a, uniq_jessica
D:3:      minmay_diamond_boxcup, layout_loops_ring,
          gammafunk_temple_overflow_statue, chequers_ecumenical_altar_simple
D:4:      layout_basic, lemuel_round_altar, first_ration, serial_shops,
          kennysheep_mini
D:5:      layout_loops_ring, ebering_ghost_reflecting_pool,
          corexii_item_surrounded_by_moat, minmay_chambers_of_fives
D:6:      layout_loops_ring, ashenzari_altar_1,
          minmay_guarded_unrand_staff_of_olgreb
D:7:      layout_loops_ring, minmay_temple_entry_nine_rooms,
          uniq_crazy_yiuf_cottage, uniq_harold
D:8:      layout_loops_ring
D:9:      minmay_sliced_demisemicircle, layout_basic,
          gammafunk_ghost_necromancy, serial_ice, serial_ice_a, serial_ice_d,
          serial_ice_o, serial_ice_k, serial_ice_n, serial_ice_f, serial_ice_e,
          serial_ice_b, serial_ice_g, serial_ice_c
D:10:     layout_loops_ring, lair_entry_dummy,
          kennysheep_orc_monster_closet_entryway
D:11:     layout_loops_ring, special_room [special_room_orc], serial_bayou,
          serial_bayou_lake_a, serial_bayou_pond_c, serial_bayou_pond_b,
          serial_bayou_lagoon_b
D:12:     minmay_five_octagons, layout_basic
D:13:     hangedman_cross_cluster, layout_cave_pools, david_vaults_1,
          hangedman_little_slice_of_home
D:14:     layout_gridville, lemuel_round_altar, uniq_agnes
D:15:     gammafunk_depths_entry_grave, layout_loops_ring,
          minmay_misc_feat_more_columns, tso_altar, uniq_kirke
Temple:   eino_temple_scatter_basement
Lair:1:   layout_misc_corridors, infiniplex_staircase_pool_2
Lair:2:   layout_roguey, elwin_shoals_entry_rooms, kennysheep_abandoned_house,
          uniq_nergalle
Lair:3:   layout_gridlike, guppyfry_snake_entry_island, forest_entry_grove,
          uniq_sonja, uniq_gastronok
Lair:4:   layout_regular_city
Lair:5:   layout_loops_ring, slime_altar_2
Lair:6:   minmay_lair_end_frog_pond, layout_regular_city, grunt_megastairs_3,
          lemuel_fruit_fields

Skill      XL: |  1  2  3  4  5  6  7  8  9 10 11 12 13 14 15 16 |
---------------+-------------------------------------------------+-----
Fighting       | 3 4 5 7 9 10 12 14 15 17 19 | 19.6
Staves         | 4 5 6 7 9 11 12 14 | 14.0
Evocations     | 2 4 5 |  5.0
Armour         | 5 7 10 11 12 | 12.2
Dodging        | 4 6 8 9 10 | 10.0
Throwing       | |  1.7

Action                   |  1- 3 |  4- 6 |  7- 9 | 10-12 | 13-15 | 16-18 || total
-------------------------+-------+-------+-------+-------+-------+-------++-------
Melee: Quarterstaff      |    76 |   158 |   339 |  1107 |  1776 |       ||  3456
       Lajatang          |       |       |       |       |   316 |   216 ||   532
       Unarmed           |       |       |       |       |       |    26 ||    26
Throw: Throwing net      |       |     1 |     2 |       |       |       ||     3
 Abil: Fly               |       |       |       |       |     1 |       ||     1
Evoke: Wand              |       |       |       |     8 |       |       ||     8
  Use: Scroll            |     4 |     4 |     6 |    10 |     9 |       ||    33
       Potion            |       |       |       |     2 |       |       ||     2
 Stab: Held in net/web   |       |     1 |       |       |       |       ||     1
       Paralysed         |       |       |       |     4 |       |       ||     4
  Eat: Chunk             |     1 |     6 |    11 |    17 |    29 |     5 ||    69
       Ration            |       |       |     1 |     1 |       |       ||     2
Armor: Leather armour    |     7 |       |       |       |       |       ||     7
       Scale mail        |    12 |    72 |   132 |   187 |       |       ||   403
       Plate armour      |       |       |       |   326 |  1075 |   121 ||  1522
Dodge: Dodged            |    40 |    67 |   139 |   389 |  1208 |   148 ||  1991
Block: Other             |       |       |       |       |   171 |    39 ||   210
       Reflection        |       |       |       |       |    35 |     3 ||    38
